 Dungeon Crawl Stone Soup version 0.27.1-4-g1640c2035a (webtiles) character file.

Game seed: 1004842011509563766

50 ZappyNine the Stinger (level 3, 0/19 HPs)
             Began as a Gargoyle Venom Mage on Nov 7, 2021.
             Slain by a goblin (5 damage)
             ... led by Robin
             ... on level 2 of the Dungeon.
             The game lasted 00:02:41 (1972 turns).

ZappyNine the Stinger (Gargoyle Venom Mage)         Turns: 1972, Time: 00:02:42

Health: 0/19       AC:  5    Str: 11    XL:     3   Next: 79%
Magic:  3/7        EV: 12    Int: 22    God:
Gold:   70         SH:  0    Dex: 10    Spells: 4/7 levels left

rFire    . . .     SeeInvis .   b - +0 dagger
rCold    . . .     Faith    .   (no shield)
rNeg     + . .     Spirit   .   a - +0 robe
rPois    ∞         Reflect  .   (no helmet)
rElec    +         Harm     .   (no cloak)
rCorr    .         Rampage  .   (no gloves)
Will     .....                  (no boots)
Stlth    ++........             (no amulet)
HPRegen  0.06/turn              e - +6 ring of intelligence
MPRegen  0.10/turn              f - ring of wizardry

@: no status effects
A: sickness immunity, AC +3, negative energy resistance 1, electricity
resistance, torment resistance 1, petrification resistance
a: no special abilities


You were on level 2 of the Dungeon.
You visited 1 branch of the dungeon, and saw 2 of its levels.

You collected 70 gold pieces.

Inventory:

Hand Weapons
 b - a +0 dagger (weapon)
Armour
 a - a +0 robe (worn)
Jewellery
 e - a +6 ring of intelligence (left hand)
 f - a ring of wizardry (right hand)
Scrolls
 c - a scroll of amnesia {unknown}
 d - a scroll of identify {unknown}


   Skills:
 + Level 0.3 Fighting
 + Level 1.8 Dodging
 + Level 2.4 Stealth
 + Level 2.7 Spellcasting
 + Level 1.1 Transmutations
 + Level 3.4 Poison Magic


You had 4 spell levels left.
You knew the following spells:

 Your Spells              Type           Power      Damage    Failure   Level
a - Sting                 Tmut/Pois      52%        1d5       1%          1
b - Poisonous Vapours     Pois/Air       20%        N/A       4%          2

Your spell library contained the following spells:

 Spells                   Type           Power      Damage    Failure   Level
 Mephitic Cloud           Conj/Pois/Air  8%         N/A       10%         3
 Olgreb's Toxic Radiance  Pois           18%        N/A       12%         4


Dungeon Overview and Level Annotations

Branches:
Dungeon (2/15)

Altars:

Annotations:
D:2 Robin, Sigmund


Innate Abilities, Weirdness & Mutations

You are immune to sickness and miasma.
Your stone body is resilient. (AC +3)
You are immune to poison.
You resist negative energy. (rN+)
You are resistant to electric shocks. (rElec)
You are resistant to unholy torment.
You are immune to petrification.


Message History

The goblin shouts!
The bat barely misses you. The bat hits you but does no damage.
The bat hits you.
* * * LOW HITPOINT WARNING * * *
The bat hits you but does no damage. The bat closely misses you.
The bat barely misses you. Robin throws the goblin at you!
The goblin closely misses you.
The hobgoblin no longer looks unusually strong.
The bat barely misses you.
You aren't carrying any potions.
The bat misses you.
Robin roars a battlecry!
The goblins go into a battle-frenzy!
The bat hits you.
* * * LOW HITPOINT WARNING * * *
You hear a shout! x2
Casting: Poisonous Vapours (safe; 4% risk of failure)
Confirm with . or Enter, or press ? or * to list all spells.
Aiming: Poisonous Vapours (safe; 4% risk of failure)
Press: ? - help, Dir - move target, f - Robin
Aim: Robin, wielding a +4 trident of venom, wearing a +1 animal skin and wearing a +0 helmet Poisonous vapours surround Robin!
Robin is poisoned.
You hear a shout!
The hobgoblin no longer looks unusually strong.
The bat barely misses you.
Casting: Poisonous Vapours (safe; 4% risk of failure)
Confirm with . or Enter, or press ? or * to list all spells.
Aiming: Poisonous Vapours (safe; 4% risk of failure)
Press: ? - help, Dir - move target, f/p - Robin
Aim: Robin, wielding a +4 trident of venom, wearing a +1 animal skin and wearing a +0 helmet (poisoned) Poisonous vapours surround Robin!
Robin looks even sicker.
The bat hits you but does no damage. Robin throws the goblin at you!
Unknown command.
Unknown command.
You barely miss the goblin.
The hobgoblin no longer looks unusually strong.
The bat hits you but does no damage. The goblin hits you with a +0 club.
You die...

.g.............
g...g$.........
g...g..........
#####.$.J......
#g..####### #..g#
#...# #..g########
#..{gggb@g.#
#...g#####.# #####
##.#.#####.#
#...#####......##.#
#.........#.##.##.#
#...####....##.##.###
##.####.............#
#.# #..........###.#
#.#
##.........###.####


You could see Robin (very poisoned), 3 hobgoblins, 2 goblins and a bat.

Vanquished Creatures
  2 adders (D:2)
  2 dart slugs
  2 ball pythons (D:1)
  4 bats (D:1)
  3 endoplasms (D:1)
  A giant cockroach (D:1)
  6 goblins
  4 hobgoblins (D:1)
  3 rats (D:1)
27 creatures vanquished.

Notes
Turn   | Place    | Note
-------+----------+-------------------------------------------
     0 | D:1      | ZappyNine the Gargoyle Venom Mage began the quest for the
                  | Orb.
     0 | D:1      | Reached XP level 1. HP: 10/10 MP: 3/3
   159 | D:1      | Reached skill level 1 in Transmutations
   164 | D:1      | Reached XP level 2. HP: 11/15 MP: 5/5
   953 | D:1      | Reached XP level 3. HP: 18/19 MP: 6/6
   996 | D:1      | Learned a level 2 spell: Poisonous Vapours
  1951 | D:2      | Noticed Sigmund
  1953 | D:2      | Noticed Robin
  1972 | D:2      | Slain by a goblin

Illustrated notes

Levels and vault maps discovered:
D:1:      dpeg_arrival_stone_temple_mockup, layout_loops_ring
D:2:      kennysheep_the_goblin_king, layout_loops_cross, uniq_robin,
          uniq_sigmund

Skill      XL: |  1 |
---------------+----+-----
Transmutations | 1 |  1.1
Fighting       | |  0.3
Dodging        | |  1.8
Stealth        | |  2.4
Spellcasting   | |  2.7
Poison Magic   | |  3.4

Action                   || total
-------------------------++-------
Melee: Dagger            ||   108
       Unarmed           ||     1
 Cast: Sting             ||    15
       Poisonous Vapours ||     7
 Stab: Sleeping          ||     3
Armor: Robe              ||    43
Dodge: Dodged            ||    97
